Map: Светотень РВ

Players

GeNieS - Winner!

  • Race: Protoss Protoss
  • League: Bronze
  • Spawn Location: 11:00

IIIIIIIIIIII

  • Race: Terran Terran
  • League: Master
  • Spawn Location: 5:00

VOD

Have the link to the VOD?

Description

Time

  • Played on: April 1, 2021, 10:33 a.m.
  • Length: 5:48
Show
View Real Time Build Order
Export as new Build Order

GeNieS Protoss - Winner!

Build Orders: 1 Gate Expand 

Get SALT Encoding   

  12  0:00  Probe  
  13  0:12  Probe  
  14  0:17  Pylon  
  14  0:24  Probe (Chrono Boost)  
  15  0:29  Assimilator  
  16  0:37  Probe (Chrono Boost)  
  16  0:42  Probe (Chrono Boost)  
  16  0:45  Gateway  
  17  0:51  Probe  
  18  1:04  Probe  
  19  1:19  Nexus  
  19  1:32  Cybernetics Core  
  19  1:36  Zealot  
  21  1:43  Pylon  
  21  1:46  Probe  
  22  1:51  Assimilator  
  22  1:58  Probe  
  23  2:08  Stargate, Adept (Chrono Boost)  
  23  2:13  Probe  
  26  2:22  Warp Gate  
  26  2:26  Probe  
  27  2:31  Probe  
  28  2:38  Probe  
  28  2:43  Probe  
  30  2:45  Void Ray (Chrono Boost)  
  30  2:50  Probe  
  31  2:56  Probe  
  31  2:57  Assimilator  
  34  3:02  Pylon  
  34  3:09  Probe x2  
  36  3:16  Void Ray (Chrono Boost)  
  36  3:21  Probe  
  36  3:22  Probe  
  40  3:33  Probe  
  41  3:39  Probe  
  42  3:43  Void Ray (Chrono Boost)  
  42  3:45  Probe  
  47  3:49  Pylon  
  47  3:51  Probe  
  47  3:52  Pylon  
  48  4:03  Gateway  
  48  4:05  Probe x2  
  48  4:07  Void Ray (Chrono Boost)  
  54  4:19  Gateway, Stalker  
  54  4:20  Probe  
  57  4:25  Probe  
  58  4:33  Void Ray (Chrono Boost)  
  58  4:36  Probe  
  59  4:43  Probe  
  64  4:45  Pylon  
  64  4:49  Pylon  
  64  4:55  Stalker  
  62  5:00  Forge  
  62  5:05  Probe  
  53  5:44  Stalker x3  
Show
View Real Time Build Order
Export as new Build Order

IIIIIIIIIIII Terran 

Build Orders:  

Get SALT Encoding   

  12  0:01  SCV  
  13  0:13  SCV  
  14  0:17  Supply Depot  
  14  0:25  SCV  
  15  0:39  SCV  
  15  0:40  Barracks  
  16  0:43  Refinery  
  16  0:51  SCV  
  17  1:03  SCV  
  18  1:16  SCV  
  19  1:28  Marine, Orbital Command  
  20  1:40  Command Center  
  20  1:47  Barracks Reactor  
  20  1:52  Supply Depot  
  20  1:57  SCV  
  21  2:09  SCV  
  21  2:11  Factory  
  22  2:18  Refinery  
  22  2:21  SCV  
  23  2:25  Marine x2  
  25  2:34  SCV  
  26  2:43  Marine x2  
  28  2:46  SCV  
  28  3:00  Starport, Widow Mine  
  28  3:03  Marine  
  28  3:04  Marine  
  32  3:08  SCV  
  33  3:15  Orbital Command  
  32  3:21  Widow Mine  
  32  3:25  Marine x2  
  32  3:26  SCV  
  36  3:36  Medivac  
  36  3:38  SCV  
  39  3:41  Supply Depot, SCV  
  39  3:47  Armory, Marine x2  
  42  3:50  SCV  
  43  3:55  Supply Depot  
  43  3:56  SCV  
  44  4:04  Widow Mine  
  46  4:11  Marine x2  
  46  4:13  Medivac  
  46  4:14  SCV  
  51  4:18  SCV  
  51  4:20  Barracks  
  51  4:23  Engineering Bay  
  52  4:28  Widow Mine  
  52  4:29  Marine  
  52  4:34  SCV  
  52  4:42  Marine  
  52  4:44  SCV  
  53  4:47  Marine  
  53  4:51  Widow Mine  
  54  4:57  SCV  
  54  4:59  Marine  
  44  5:07  Marine  
  44  5:12  Marine  
  40  5:17  Marine  
  40  5:18  SCV  
  40  5:21  Widow Mine  
  41  5:22  Missile Turret  
  41  5:25  Marine  
  41  5:30  Marine  
Tags
 
Add a new tag
Caveats
  • Supply blocks, unpowered buildings, or Contaminate may cause inaccurate times.
  • Supply counts are checked every 10 seconds.